Match 42487936
Unlisted

Match 42487936
End
Royal Engineer Section
Construct Section Command Post
Infantry Section
Infantry Section
Infantry Section
Infantry Section
Construct Platoon Command Post
Infantry Training
Unlock Bishop Self-propelled Artillery
6-pounder Anti-tank Gun Team
Selects Air and Sea Battlegroup
Selects Naval Blockade
Selects UNKNOWN (223837)
Bishop Self-propelled Artillery
6-pounder Anti-tank Gun Team
Grenade Package
Bishop Self-propelled Artillery
Selects Assault Flares
Assault Flares
Construct Company Command Post
Foot Guards Section
Unlock M3 Grant Medium Tanks
Selects Commando Section Paradrop
Selects Commando Support Section Paradrop
M3 Grant Medium Tank
Foot Guards Section
Assault Flares
M3 Grant Medium Tank
Royal Engineer Section
Assault Flares
Selects Incendiary Bombing Run
Assault Flares
M3 Grant Medium Tank
Assault Flares
*Mule
FeriG
HulkSMASH
⚓️Ruby⚓
0
0

Comments sign in to comment!

No comments posted yet!